 Dungeon Crawl Stone Soup version 0.28-a0-662-g1651b1f1e0 (webtiles) character file.

Game seed: 4440102219278772352

93 sleeves the Slasher (level 4, -4/35 HPs)
             Began as a Demonspawn Fighter on Oct 14, 2021.
             Succumbed to Crazy Yiuf's poison
             ... on level 3 of the Dungeon.
             The game lasted 00:02:17 (3103 turns).

sleeves the Slasher (Demonspawn Fighter)            Turns: 3103, Time: 00:02:18

Health: -4/35      AC:  8    Str: 16    XL:     4   Next: 37%
Magic:  3/4        EV:  9    Int: 10    God:
Gold:   84         SH:  8    Dex: 13    Spells: 3/3 levels left

rFire   . . .      SeeInvis .   a - +0 long sword
rCold   . . .      Faith    .   c - +0 buckler
rNeg    . . .      Spirit   .   b - +0 scale mail
rPois   .          Reflect  .   (no helmet)
rElec   .          Harm     .   g - +0 cloak
rCorr   .          Rampage  .   p - +0 pair of gloves
Will    .....                   (no boots)
Stlth   ..........              (no amulet)
HPRegen 0.11/turn               (no ring)
MPRegen 0.09/turn               (no ring)

@: lethally poisoned (-4 -> -24)
A: condensation shield
a: no special abilities


You were on level 3 of the Dungeon.
You visited 1 branch of the dungeon, and saw 3 of its levels.

You collected 84 gold pieces.

Inventory:

Hand Weapons
 a - a +0 long sword (weapon)
Armour
 b - a +0 scale mail (worn)
 c - a +0 buckler (worn)
 g - a +0 cloak (worn)
   (You found it on level 1 of the Dungeon)
 p - a +0 pair of gloves (worn)
   (You found it on level 3 of the Dungeon)
Jewellery
 h - an amulet of faith
   (You found it on level 1 of the Dungeon)
Scrolls
 e - a scroll of identify {unknown}
 f - a scroll of torment {unknown}
 i - a scroll of amnesia {unknown}
 k - a scroll of teleportation {unknown}
 l - a scroll of fog {unknown}
 m - a scroll of noise {unknown}
 n - a scroll of blinking {unknown}
 o - a scroll of fear {unknown}
Potions
 d - a potion of might
 j - a potion of haste {unknown}


   Skills:
 - Level 3.0 Fighting
 + Level 4.2 Long Blades
 - Level 2.6 Armour
 - Level 2.6 Shields


You had 3 spell levels left.
You didn't know any spells.
Your spell library contained the following spells:

 Spells                   Type           Power      Damage    Failure   Level
 Ozocubu's Armour         Ice            0%         N/A       99%         3
 Tukima's Dance           Hex            0%         N/A       99%         3
 Passage of Golubria      Tloc           N/A        N/A       100%        4
 Metabolic Englaciation   Hex/Ice        0%         N/A       100%        5
 Yara's Violent Unravell  Hex/Tmut       0%         3d3       100%        5
 Simulacrum               Ice/Necr       0%         N/A       100%        6


Dungeon Overview and Level Annotations

Branches:
Dungeon (3/15)

Altars:
Yredelemnul

Shops:
D:2 *


Innate Abilities, Weirdness & Mutations

A meltable shield of frost defends you. (SH +4)


Message History

Welcome, sleeves the Demonspawn Fighter.
Everyone else who sought the Orb of Zot has failed.
Will you be different?
Press ? for a list of commands and other information.
Found 20 sling bullets.
Found a staircase leading out of the dungeon.
You see here 20 sling bullets.
A goblin comes into view. It is wielding a +0 dagger.
The goblin shouts!
A goblin comes into view. It is wielding a +0 club.
There are monsters nearby!
There are monsters nearby!
There are monsters nearby!
The goblin shouts!
The goblin hits you with a +0 dagger.
You closely miss the goblin. The goblin hits you but does no damage.
The goblin barely misses you.
Your shield and scale mail prevent you from hitting the goblin.
You block the goblin's attack. The goblin hits you with a +0 club.
You hit the goblin.
The goblin is heavily wounded.
The goblin barely misses you. The goblin hits you with a +0 club.
The goblin barely misses you. The goblin hits you with a +0 club.
You are too injured to fight recklessly!
You are too injured to fight recklessly!
You are too injured to fight recklessly!
You are too injured to fight recklessly!
You closely miss the goblin.
The goblin is heavily wounded.
You block the goblin's attack. The goblin barely misses you.
You hit the goblin.
The goblin is severely wounded.
The goblin hits you with a +0 dagger.
* * * LOW HITPOINT WARNING * * *
You block the goblin's attack. The goblin hits you with a +0 club.
* * * LOW HITPOINT WARNING * * *
The goblin hits you but does no damage.
You slash the goblin!
You kill the goblin!
The goblin closely misses you.
You slash the goblin!
You kill the goblin!
Your Long Blades skill increases to level 2!
You see here a +0 club.
Key pressed, stopping explore.
HP restored.
Found a stone staircase leading down.
You open the door.
There is an open door here.
e - a scroll labelled YNWIAWATZ No target in view!
No target in view!
No target in view!
No target in view!
No target in view!
No target in view!
No target in view!
No target in view!
Found a club.
You now have 6 gold pieces.
An endoplasm comes into view.
The endoplasm quivers.
An endoplasm is nearby!
You see here a +0 club.
A quokka comes into view.
You slash the endoplasm!
You kill the endoplasm!
The quokka bites you.
You slash the quokka!
You kill the quokka!
No target in view!
No target in view!
No target in view!
No target in view!
No target in view!
No target in view!
A hobgoblin comes into view.
A hobgoblin is nearby!
You block the hobgoblin's attack.
You slash the hobgoblin!
You kill the hobgoblin!
No target in view!
No target in view!
No target in view!
No target in view!
No target in view!
You now have 17 gold pieces (gained 11).
You see here a hobgoblin corpse.
A hobgoblin comes into view.
The hobgoblin shouts!
A hobgoblin is nearby!
A hobgoblin is nearby!
A frilled lizard comes into view.
Found a cloak.
The frilled lizard hisses angrily.
The hobgoblin hits you.
You hit the hobgoblin.
The hobgoblin is severely wounded.
The hobgoblin hits you but does no damage.
You slash the hobgoblin!
You kill the hobgoblin!
The frilled lizard bites you but does no damage.
You have reached level 2!
Your demonic ancestry asserts itself...
Frost condenses into a shield before you.
You closely miss the frilled lizard.
The frilled lizard bites you but does no damage.
The frilled lizard barely misses you.
You closely miss the frilled lizard. The frilled lizard barely misses you.
You barely miss the frilled lizard. You block the frilled lizard's attack.
You slash the frilled lizard!
You kill the frilled lizard!
No target in view!
No target in view!
f - a scroll labelled OSHROE ENATUCK
g - a +0 cloak You start putting on your armour.
You continue putting on your +0 cloak. x4
You finish putting on your +0 cloak.
Found a stone staircase leading down.
You now have 29 gold pieces (gained 12).
There is a stone staircase leading down here.
You open the door.
A goblin comes into view. It is wielding a +0 club.
Found a leather armour and 8 gold pieces.
A goblin is nearby!
There is an open door here.
The goblin barely misses you.
You hit the goblin.
The goblin is heavily wounded.
You block the goblin's attack. The goblin hits you but does no damage.
You closely miss the goblin.
The goblin is heavily wounded.
The goblin hits you but does no damage.
You barely miss the goblin.
The goblin is heavily wounded.
The goblin misses you.
You barely miss the goblin.
The goblin is heavily wounded.
The goblin closely misses you.
You hit the goblin but do no damage.
The goblin is heavily wounded.
The goblin hits you but does no damage. You block the goblin's attack.
You barely miss the goblin.
The goblin is heavily wounded.
The goblin hits you but does no damage.
You hit the goblin.
You kill the goblin!
No target in view!
Things that are here:
a +0 club; a goblin corpse You now have 37 gold pieces (gained 8).
You open the door.
There is an open door here.
A hobgoblin comes into view.
The hobgoblin shouts!
A hobgoblin is nearby!
The hobgoblin hits you.
You hit the hobgoblin but do no damage.
The hobgoblin hits you but does no damage.
A rat comes into view.
You hit the hobgoblin but do no damage. The hobgoblin closely misses you.
You hit the hobgoblin but do no damage. The hobgoblin barely misses you. x2
You hit the hobgoblin.
The hobgoblin is almost dead.
You block the hobgoblin's attack.
You hit the hobgoblin.
You kill the hobgoblin!
You barely miss the rat. The rat bites you.
A rat is nearby!
A rat is nearby!
You hit the rat.
The rat is moderately wounded.
You block the rat's attack. The rat bites you but does no damage.
You slash the rat!
You kill the rat!
No target in view!
No target in view!
No target in view!
No target in view!
No target in view!
No target in view!
No target in view!
No target in view!
You see here a rat corpse.
Found 16 stones.
Found an escape hatch in the floor.
An endoplasm comes into view.
The endoplasm quivers.
The endoplasm hits you.
You hit the endoplasm.
The endoplasm is heavily wounded.
The endoplasm freezes you.
You are frozen.
The endoplasm barely misses you.
You barely miss the endoplasm.
The endoplasm is heavily wounded.
The endoplasm hits you but does no damage.
You completely miss the endoplasm.
The endoplasm is heavily wounded.
The endoplasm freezes you.
You are frozen.
You slash the endoplasm!
You kill the endoplasm!
No target in view!
No target in view!
You now have 56 gold pieces (gained 19).
h - an amulet of faith A giant cockroach comes into view.
Unknown command.
A giant cockroach is nearby!
You hit the giant cockroach but do no damage.
You block the giant cockroach's attack. x2
Your shield and scale mail prevent you from hitting the giant cockroach.
You block the giant cockroach's attack.
You hit the giant cockroach.
You kill the giant cockroach!
No target in view!
No target in view!
No target in view!
No target in view!
No target in view!
No target in view!
No target in view!
No target in view!
No target in view!
Found a stone staircase leading down.
You open the door.
A hobgoblin comes into view.
The hobgoblin shouts!
A hobgoblin is nearby!
There is an open door here.
Your scale mail prevents you from hitting the hobgoblin.
You block the hobgoblin's attack. The hobgoblin barely misses you.
You slash the hobgoblin!
You kill the hobgoblin!
No target in view!
No target in view!
No target in view!
No target in view!
No target in view!
No target in view!
You see here a rat skeleton.
An endoplasm comes into view.
The endoplasm quivers.
An endoplasm is nearby!
An endoplasm is nearby!
The endoplasm closely misses you.
You hit the endoplasm.
The endoplasm is severely wounded.
The endoplasm hits you but does no damage.
You slash the endoplasm!
You kill the endoplasm!
No target in view!
No target in view!
No target in view!
No target in view!
No target in view!
No target in view!
No target in view!
A bat comes into view.
A bat is nearby!
A bat is nearby!
A hobgoblin comes into view.
The hobgoblin shouts!
A goblin comes into view. It is wielding a +0 club.
The bat barely misses you.
The goblin shouts!
You hit the bat.
You kill the bat!
You see here a bat corpse.
The hobgoblin hits you but does no damage.
You slash the hobgoblin!
You kill the hobgoblin!
You block the goblin's attack.
You closely miss the goblin. The goblin hits you but does no damage.
You closely miss the goblin. The goblin hits you but does no damage.
The goblin hits you with a +0 club.
You closely miss the goblin. You block the goblin's attack.
You closely miss the goblin. The goblin hits you but does no damage.
You slash the goblin!
You kill the goblin!
Your Long Blades skill increases to level 3!
No target in view!
No target in view!
You pick up a book of Winter and begin reading...
You add the spells Ozocubu's Armour, Metabolic Englaciation and Simulacrum to your library.
No target in view!
There is a stone staircase leading down here.
Done exploring.
Done exploring.
No target in view!
No target in view!
No target in view!
Done exploring.
Done exploring.
Done exploring.
Okay, then.
Okay, then.
Done exploring.
Done exploring.
(D) Dungeon
Where to? (? - help)
There is a stone staircase leading down here.
You climb downwards.
There is a stone staircase leading up here.
A ball python comes into view.
The ball python hisses angrily.
A ball python is nearby!
Found a faded altar of an unknown god.
A quokka comes into view.
You hit the ball python.
You kill the ball python!
A worm comes into view.
Found a scroll labelled CAOXITRUTOMN.
The quokka closely misses you.
You slash the quokka!
You kill the quokka!
You hit the worm.
The worm is moderately wounded.
You hit the worm but do no damage.
The worm is moderately wounded.
You block the worm's attack.
You barely miss the worm.
The worm is moderately wounded.
You block the worm's attack.
You hit the worm.
The worm is heavily wounded.
You block the worm's attack.
You hit the worm.
The worm is almost dead.
The worm bites you but does no damage.
A worm is nearby!
A worm is nearby!
A worm is nearby!
You hit the worm.
The worm is almost dead.
You hit the worm.
You kill the worm!
No target in view!
No target in view!
No target in view!
No target in view!
No target in view!
No target in view!
No target in view!
No target in view!
A frilled lizard comes into view.
A frilled lizard is nearby!
A frilled lizard is nearby!
The frilled lizard bites you.
You closely miss the frilled lizard. The frilled lizard bites you.
You block the frilled lizard's attack.
You closely miss the frilled lizard. The frilled lizard barely misses you.
Your scale mail prevents you from hitting the frilled lizard.
The frilled lizard bites you but does no damage.
You barely miss the frilled lizard.
The frilled lizard bites you but does no damage.
You barely miss the frilled lizard.
The frilled lizard completely misses you.
The frilled lizard bites you but does no damage.
You hit the frilled lizard.
You kill the frilled lizard!
No target in view!
No target in view!
No target in view!
A hobgoblin comes into view.
A hobgoblin is nearby!
You hit the hobgoblin.
You kill the hobgoblin!
You have reached level 3!
Your experience leads to an increase in your attributes!
Increase (S)trength, (I)ntelligence, or (D)exterity?
You feel clever.
HP restored.
i - a scroll labelled CAOXITRUTOMN
Found a club.
A frilled lizard comes into view.
Found a club.
The frilled lizard hisses angrily.
A frilled lizard is nearby!
You hit the frilled lizard.
You kill the frilled lizard!
No target in view!
No target in view!
No target in view!
No target in view!
No target in view!
No target in view!
A bat comes into view.
The bat barely misses you.
A bat is nearby!
A bat is nearby!
You closely miss the bat. The bat hits you but does no damage.
You block the bat's attack.
You closely miss the bat. You block the bat's attack.
You hit the bat.
You kill the bat!
No target in view!
No target in view!
No target in view!
No target in view!
No target in view!
No target in view!
No target in view!
Found Vytaex's General Store.
j - a fuming green potion A ball python comes into view.
The ball python hisses angrily.
A bat comes into view.
The bat moves out of view.
Found a scroll labelled CALOHI RIEFF.
A kobold comes into view. It is wielding a +0 club.
You block the ball python's attack. The ball python grabs you.
The ball python constricts you. The ball python bites you.
The ball python constricts you.
You hit the ball python.
You kill the ball python!
You block the bat's attack.
You closely miss the bat. The bat hits you. You block the bat's attack.
You hit the bat but do no damage. The bat barely misses you.
The bat hits you but does no damage.
You barely miss the bat. You block the bat's attack.
You hit the bat but do no damage. The bat hits you but does no damage.
The bat completely misses you.
You closely miss the bat. The bat hits you but does no damage.
You closely miss the bat. You block the bat's attack.
The bat completely misses you. The bat hits you but does no damage.
No target in view!
No target in view!
No target in view!
No target in view!
No target in view!
No target in view!
No target in view!
No target in view!
No target in view!
No target in view!
The bat hits you but does no damage.
No target in view!
The bat hits you but does no damage.
A bat is nearby!
A bat is nearby!
You block the bat's attack. You block the bat's attack.
You hit the bat but do no damage. The bat barely misses you. x2
You closely miss the bat.
The kobold shouts!
The bat closely misses you. The bat barely misses you.
You hit the bat.
You kill the bat!
You hit the kobold but do no damage. The kobold barely misses you.
You block the kobold's attack.
You closely miss the kobold.
A giant cockroach comes into view.
You block the kobold's attack.
You slash the kobold!
You kill the kobold!
The giant cockroach bites you but does no damage.
Things that are here:
a +0 club; a kobold corpse You barely miss the giant cockroach.
You block the giant cockroach's attack.
You closely miss the giant cockroach.
The giant cockroach bites you but does no damage.
The giant cockroach barely misses you.
You hit the giant cockroach but do no damage.
The giant cockroach bites you but does no damage. x2
You hit the giant cockroach but do no damage.
You block the giant cockroach's attack.
You slash the giant cockroach!
You kill the giant cockroach!
No target in view!
No target in view!
No target in view!
No target in view!
There is an entrance to Vytaex's General Store here.
k - a scroll labelled CALOHI RIEFF A ball python comes into view.
The ball python hisses angrily.
A ball python is nearby!
A ball python is nearby!
You block the ball python's attack. The ball python barely misses you.
You slash the ball python!
You kill the ball python!
No target in view!
No target in view!
No target in view!
No target in view!
No target in view!
No target in view!
No target in view!
No target in view!
No target in view!
l - a scroll labelled HYBEVIEVVI A bat and an endoplasm come into view.
The endoplasm quivers.
There are monsters nearby!
You slash the endoplasm!
You kill the endoplasm!
The bat hits you but does no damage. x2
The bat hits you. You block the bat's attack. The bat misses you.
The bat barely misses you. The bat hits you.
You barely miss the bat. You block the bat's attack.
You barely miss the bat. The bat barely misses you.
The bat hits you but does no damage.
You slash the bat!
You kill the bat!
No target in view!
No target in view!
Key pressed, stopping explore.
A frilled lizard comes into view.
Found a stone staircase leading up.
You barely miss the frilled lizard.
The frilled lizard bites you but does no damage.
You block the frilled lizard's attack.
You closely miss the frilled lizard. The frilled lizard barely misses you.
Your scale mail prevents you from hitting the frilled lizard.
You block the frilled lizard's attack.
You hit the frilled lizard.
You kill the frilled lizard!
No target in view!
No target in view!
No target in view!
No target in view!
There is a stone staircase leading up here.
Found a stone staircase leading up.
Found 14 arrows.
You see here 14 arrows.
Found a stone staircase leading down.
No target in view!
No target in view!
No target in view!
No target in view!
No target in view!
No target in view!
No target in view!
No target in view!
No target in view!
Found a stone staircase leading down.
A hobgoblin comes into view.
The hobgoblin shouts!
A hobgoblin is nearby!
You slash the hobgoblin!
You kill the hobgoblin!
No target in view!
No target in view!
No target in view!
No target in view!
No target in view!
No target in view!
No target in view!
No target in view!
There is a stone staircase leading down here.
There is a stone staircase leading up here.
Found a stone staircase leading down.
There is a stone staircase leading down here.
A hobgoblin comes into view.
A hobgoblin is nearby!
You hit the hobgoblin.
The hobgoblin is severely wounded.
You block the hobgoblin's attack.
You slash the hobgoblin!
You kill the hobgoblin!
No target in view!
No target in view!
No target in view!
No target in view!
No target in view!
You see here a hobgoblin corpse.
A gnoll comes into view. It is wielding a +0 spear.
The gnoll shouts!
You hear a shout!
A gnoll is nearby!
A gnoll is nearby!
A gnoll comes into view. It is wielding a +0 spear.
The gnoll shouts!
A gnoll comes into view. It is wielding a +0 spear.
A gnoll comes into view. It is wielding a +0 halberd of pain.
Unknown command.
The gnoll hits you from afar with a +0 spear.
Things that are here:
a +0 club; a kobold skeleton The gnoll hits you but does no damage.
The gnoll shouts!
The gnoll hits you with a +0 spear.
You closely miss the gnoll. The gnoll hits you with a +0 spear.
You barely miss the gnoll. You block the gnoll's attack.
The gnoll barely misses you.
You closely miss the gnoll. The gnoll barely misses you.
The gnoll hits you but does no damage. The gnoll completely misses you.
There is a stone staircase leading up here.
You climb upwards.
There is a stone staircase leading down here.
You open the door.
There is an open door here.
There is an open door here.
HP restored.
There is an escape hatch in the floor here.
There is a stone staircase leading down here.
You climb downwards.
There is a stone staircase leading up here.
There's nothing to open nearby.
m - a scroll labelled KISYNA CUGGUTZ
n - a scroll labelled JIJOGO WIJIGAS Done exploring.
Done exploring.
(D) Dungeon
Where to? (Enter - D:1 @ (x,y), ? - help)
You see here a +0 club.
There is a stone staircase leading down here.
You climb downwards.
Found 28 arrows.
There is a stone staircase leading up here.
Found 19 stones.
You see here 19 stones.
You now have 60 gold pieces (gained 4).
You open the door.
There is an open door here.
You open the door.
There is an open door here.
Found a stone staircase leading up.
No target in view!
No target in view!
Found a chain mail.
You see here a +0 chain mail.
Found a long glowing staff.
You see here a staff of fire.
You now have 70 gold pieces (gained 10).
You open the door.
There is an open door here.
There is an open door here.
You see here a staff of fire.
o - a scroll labelled DUALIM NYOS No target in view!
No target in view!
No target in view!
No target in view!
Found a robe.
You open the door.
Found 22 sling bullets.
There is an open door here.
Found a spear.
You now have 84 gold pieces (gained 14).
You open the door.
There is an open door here.
Found a dagger.
You pick up Great Wizards, Vol.
VII and begin reading...
You add the spells Tukima's Dance, Passage of Golubria and Yara's Violent Unravelling to your library.
A frilled lizard comes into view.
The frilled lizard hisses angrily.
Okay, then.
A frilled lizard is nearby!
A quokka comes into view.
Found a stone staircase leading down.
You block the frilled lizard's attack.
You closely miss the frilled lizard. The frilled lizard barely misses you.
You hit the frilled lizard.
You kill the frilled lizard!
You block the quokka's attack.
The quokka bites you but does no damage.
You slash the quokka!
You kill the quokka!
No target in view!
No target in view!
No target in view!
A jackal zombie comes into view.
The jackal zombie moves out of view.
A jackal zombie is nearby!
A jackal zombie is nearby!
You closely miss the jackal zombie. The jackal zombie bites you.
You hit the jackal zombie.
The jackal zombie is lightly damaged.
You block the jackal zombie's attack.
You slash the jackal zombie!
You destroy the jackal zombie!
No target in view!
No target in view!
No target in view!
No target in view!
No target in view!
No target in view!
A hound zombie comes into view.
A hound zombie is nearby!
A hound zombie is nearby!
The hound zombie bites you.
The hound zombie bites you but does no damage.
You slash the hound zombie!
The hound zombie is moderately damaged.
You block the hound zombie's attack.
You hit the hound zombie.
The hound zombie is severely damaged.
The hound zombie bites you. The hound zombie closely misses you.
You barely miss the hound zombie.
The hound zombie is severely damaged.
You block the hound zombie's attack. The hound zombie closely misses you.
You hit the hound zombie.
The hound zombie is severely damaged.
The hound zombie closely misses you.
You slash the hound zombie!
You destroy the hound zombie!
No target in view!
No target in view!
No target in view!
No target in view!
No target in view!
No target in view!
HP restored.
Found 23 bolts.
Found a basalt altar of Yredelemnul.
A quokka zombie comes into view.
You closely miss the quokka zombie. You block the quokka zombie's attack.
You barely miss the quokka zombie.
The quokka zombie bites you but does no damage.
You closely miss the quokka zombie.
A giant cockroach zombie comes into view.
The quokka zombie closely misses you.
The giant cockroach zombie moves out of view.
You closely miss the quokka zombie.
The quokka zombie bites you but does no damage.
You block the quokka zombie's attack.
You hit the quokka zombie.
The quokka zombie is lightly damaged.
You block the quokka zombie's attack.
You hit the quokka zombie.
The quokka zombie is heavily damaged.
The quokka zombie barely misses you.
You barely miss the quokka zombie.
The quokka zombie is heavily damaged.
You block the quokka zombie's attack.
A quokka zombie is nearby!
You slash the quokka zombie!
You destroy the quokka zombie!
You slash the giant cockroach zombie!
You destroy the giant cockroach zombie!
No target in view!
No target in view!
No target in view!
No target in view!
No target in view!
No target in view!
A frilled lizard and a quokka come into view.
The frilled lizard hisses angrily.
There are monsters nearby!
The frilled lizard misses you.
You closely miss the frilled lizard. The frilled lizard barely misses you.
You barely miss the quokka. You block the quokka's attack.
The frilled lizard bites you.
Your scale mail prevents you from hitting the quokka.
The quokka bites you.
The frilled lizard bites you but does no damage.
The quokka bites you but does no damage.
The frilled lizard barely misses you.
You barely miss the quokka. You block the quokka's attack.
The frilled lizard barely misses you. You block the quokka's attack.
You barely miss the quokka. The frilled lizard barely misses you.
You block the quokka's attack.
You closely miss the quokka. You block the quokka's attack.
The frilled lizard bites you. The quokka closely misses you.
You closely miss the quokka. You block the frilled lizard's attack.
The quokka bites you but does no damage.
The frilled lizard bites you but does no damage.
You closely miss the quokka.
The quokka bites you but does no damage.
The frilled lizard bites you but does no damage.
You hit the quokka but do no damage. The quokka barely misses you.
You block the frilled lizard's attack. You block the quokka's attack.
You hit the quokka.
You kill the quokka!
The frilled lizard bites you but does no damage.
A frilled lizard is nearby!
A frilled lizard is nearby!
You miss the frilled lizard.
The frilled lizard bites you but does no damage.
You block the frilled lizard's attack.
You hit the frilled lizard.
You kill the frilled lizard!
You see here a frilled lizard corpse.
Found a stone staircase leading down.
A kobold and Terence come into view.
The kobold shouts!
There are monsters nearby!
Terence says, "You're history."
Terence hits you with a +0 short sword.
You hit Terence but do no damage. Terence hits you with a +0 short sword.
The kobold throws a stone.
The stone closely misses you.
You slash Terence!
Terence is heavily wounded.
Terence hits you with a +0 short sword.
The kobold throws a stone.
You block the stone.
You hit Terence but do no damage.
Terence is heavily wounded.
Terence closely misses you. Terence hits you but does no damage.
You hit Terence.
Terence is heavily wounded.
You block the kobold's attack. Terence barely misses you.
You block the kobold's attack.
Your shield prevents you from hitting Terence.
Terence is heavily wounded.
You block Terence's attack. The kobold hits you with a +0 dagger.
You are too injured to fight recklessly!
You are too injured to fight recklessly!
You are too injured to fight recklessly!
You are too injured to fight recklessly!
There are monsters nearby!
The kobold hits you with a +0 dagger.
You hit Terence but do no damage.
Terence is heavily wounded.
Terence closely misses you.
You hit Terence.
Terence is severely wounded.
Terence hits you with a +0 short sword.
You hit Terence.
You kill Terence!
The kobold hits you but does no damage.
Your Long Blades skill increases to level 4!
You have reached level 4!
You feel agile.
You hit the kobold but do no damage. You block the kobold's attack.
You closely miss the kobold. The kobold closely misses you.
You slash the kobold!
You kill the kobold!
Items here: ( )) [ ††.
Items here: ( )) [ ††.
Items here: ( )) [ ††.
There is a stone staircase leading down here.
Key pressed, stopping explore.
Found 9 poisoned darts.
You open the door.
There is an open door here.
You see here 23 bolts.
There is an open door here.
You see here 9 poisoned darts.
There is a stone staircase leading down here.
A rat comes into view.
A rat is nearby!
The rat bites you but does no damage.
You barely miss the rat. The rat bites you but does no damage.
You barely miss the rat. The rat bites you.
The rat bites you but does no damage.
You barely miss the rat. You block the rat's attack.
Your shield prevents you from hitting the rat.
The rat bites you.
You closely miss the rat. The rat closely misses you.
You slash the rat!
You kill the rat!
No target in view!
No target in view!
No target in view!
A bat comes into view.
You see here a rat corpse.
A bat is nearby!
A bat is nearby!
You hit the bat.
You kill the bat!
No target in view!
No target in view!
No target in view!
No target in view!
No target in view!
Found a plate armour.
You open the door.
There is an open door here.
You open the door.
There is an open door here.
Found 19 arrows.
You see here 19 arrows.
There is an open door here.
There is an open door here.
Key pressed, stopping explore.
No target in view!
No target in view!
No target in view!
No target in view!
No target in view!
No target in view!
No target in view!
No target in view!
No target in view!
No target in view!
You see here a rat corpse.
You open the door.
There is an open door here.
You open the door.
There is an open door here.
Found a ring mail.
p - a +0 pair of gloves
Found a stone staircase leading down.
No target in view!
No target in view!
No target in view!
No target in view!
You start putting on your armour.
You continue putting on your +0 pair of gloves. x4
You finish putting on your +0 pair of gloves.
You see here a +0 ring mail.
There is a stone staircase leading down here.
There is a stone staircase leading down here.
You see here a +0 ring mail.
There is an open door here.
There is an open door here.
You see here 28 arrows.
There is a stone staircase leading up here.
You open the door.
There is an open door here.
There is an open door here.
A dart slug comes into view.
You see here a staff of fire.
A dart slug is nearby!
A dart slug is nearby!
You block the dart slug's attack.
You hit the dart slug but do no damage. The dart slug launches a dart at you.
You block the slug dart.
You hit the dart slug.
The dart slug is severely wounded.
The dart slug bites you but does no damage.
You slash the dart slug!
You kill the dart slug!
No target in view!
No target in view!
No target in view!
No target in view!
No target in view!
No target in view!
You see here a dart slug corpse.
There is a stone staircase leading up here.
Found a stone staircase leading up.
Found a ring mail.
Found a mace.
Found a runed translucent door.
No target in view!
No target in view!
No target in view!
No target in view!
No target in view!
No target in view!
No target in view!
No target in view!
Crazy Yiuf shouts!
Crazy Yiuf screams, "Cards!
Gnoll forty-two seventy."
Could not explore, unopened runed door.
No reachable target in view!
No reachable target in view!
No reachable target in view!
You open the door.
Crazy Yiuf grits, "Island!"
You slash Crazy Yiuf!
Crazy Yiuf is heavily wounded.
You block Crazy Yiuf's attack.
You barely miss Crazy Yiuf.
Crazy Yiuf is heavily wounded.
Crazy Yiuf cries, "Mountain meccalolo verde!"
Crazy Yiuf hits you with a +3 quarterstaff of chaos.
You feel your power leaking away.
Crazy Yiuf says, "Iron!"
You block Crazy Yiuf's attack.
You closely miss Crazy Yiuf.
Crazy Yiuf is heavily wounded.
Crazy Yiuf hits you with a +3 quarterstaff of chaos.
You are poisoned.
You barely miss Crazy Yiuf.
Crazy Yiuf is heavily wounded.
You feel very sick.
Crazy Yiuf hits you with a +3 quarterstaff of chaos.
You convulse.
You hit Crazy Yiuf.
Crazy Yiuf is almost dead.
You feel sick. You block Crazy Yiuf's attack.
You hit Crazy Yiuf but do no damage.
Crazy Yiuf is almost dead.
You feel sick. You block Crazy Yiuf's attack.
Crazy Yiuf hits you with a +3 quarterstaff of chaos!
* * * LOW HITPOINT WARNING * * *
You are more poisoned.
You slash Crazy Yiuf!
You kill Crazy Yiuf!
You die...

.# #####.#########'##
#.# .# #.# ##...## #..
.# #.# #.....## #.. .#
### ####...## #.#
.######## #....###..
........#######
#....'....
..###..#.#..#.### ###
#....###..
.#.###.......#..##...#
#...## #.# #.##
#[.....####@)...#
#..## #.. #.# ##..#.##
###..)# #.## ### #(#
###### ### ### #.#
#.## #.# ##.#######
#.# ### ### #........
..# #.# #.###.#######
### #.##### #.....#
#.....# ##...##


There were no monsters in sight!

Vanquished Creatures
  Crazy Yiuf (D:3)
  Terence (D:3)
  A hound zombie (D:3)
  A worm (D:2)
  A dart slug (D:3)
  4 endoplasms
  2 giant cockroaches
  4 goblins (D:1)
  8 hobgoblins
  4 quokkas
  3 ball pythons (D:2)
  5 bats
  6 frilled lizards
  A giant cockroach zombie (D:3)
  A jackal zombie (D:3)
  2 kobolds
  A quokka zombie (D:3)
  2 rats
48 creatures vanquished.

Notes
Turn   | Place    | Note
-------+----------+-------------------------------------------
     0 | D:1      | sleeves the Demonspawn Fighter began the quest for the Orb.
     0 | D:1      | Reached XP level 1. HP: 18/18 MP: 1/1
    19 | D:1      | HP: 9/18 [goblin (2)]
    22 | D:1      | Reached skill level 2 in Long Blades
   382 | D:1      | Gained mutation: A meltable shield of frost defends you.
                  | (SH +4) [demonic ancestry]
   382 | D:1      | Reached XP level 2. HP: 20/24 MP: 2/2
   954 | D:1      | Reached skill level 3 in Long Blades
  1046 | D:2      | Found a faded altar of an unknown god.
  1084 | D:2      | Reached XP level 3. HP: 27/29 MP: 3/3
  1184 | D:2      | Found Vytaex's General Store.
  2158 | D:3      | Found a basalt altar of Yredelemnul.
  2279 | D:3      | Noticed Terence
  2297 | D:3      | Killed Terence
  2298 | D:3      | Reached skill level 4 in Long Blades
  2298 | D:3      | Reached XP level 4. HP: 20/35 MP: 4/4
  3092 | D:3      | Found a runed translucent door.
  3093 | D:3      | Noticed Crazy Yiuf
  3102 | D:3      | HP: 17/35 [poisoned by Crazy Yiuf]
  3102 | D:3      | HP: 2/35 [Crazy Yiuf (15)]
  3103 | D:3      | Killed Crazy Yiuf
  3103 | D:3      | Succumbed to Crazy Yiuf's poison

Illustrated notes

Levels and vault maps discovered:
D:1:      moated_graveyard_arrival, layout_basic, kennysheep_boxes
D:2:      layout_loops_ring, chequers_ecumenical_altar_simple_redux,
          serial_shops, shop
D:3:      layout_loops_corners, nicolae_yredelemnul_corpse_copse, uniq_terence,
          uniq_crazy_yiuf_cottage

Skill      XL: |  1  2  3 |
---------------+----------+-----
Long Blades    | 2 3 4 |  4.2
Fighting       | |  3.0
Armour         | |  2.6
Shields        | |  2.6

Action                   |  1- 3 |  4- 6 || total
-------------------------+-------+-------++-------
Melee: Long sword        |   142 |    20 ||   162
Armor: Scale mail        |    52 |     4 ||    56
Dodge: Dodged            |    55 |     2 ||    57
Block: Buckler           |    61 |     8 ||    69

Table legend: (Time is in decaauts)
 A = Elapsed time spent in this place.
 B = Non-inter-level travel time spent in this place.
 C = Inter-level travel time spent in this place.
 D = Time resting spent in this place.
 E = Time spent auto-exploring this place.
 F = Levels seen in this place.
 G = Mean time per level.
                   A        B        C        D        E       F      G
               +--------+--------+--------+--------+--------+-----+--------+
         Total |   3144 |   3063 |     81 |      0 |   2621 |   3 | 1048.0 |
       Dungeon |   3144 |   3063 |     81 |      0 |   2621 |   3 | 1048.0 |
               +--------+--------+--------+--------+--------+-----+--------+

Top non-repeatable levels by time:
     D:3: 1239 daAuts
     D:1: 1089 daAuts
     D:2: 815 daAuts
